 Dungeon Crawl Stone Soup version 0.21.0-37-g46506fa (webtiles) character file.

40740 gyp21 the Thaumaturge (level 13, 0/105 HPs)
             Began as a Mummy Fire Elementalist on Feb 1, 2018.
             Was an Elder of Ashenzari.
             Slain by a spriggan
             ... wielding a +0 rapier
              (13 damage)
             ... on level 6 of the Lair of Beasts.
             The game lasted 01:44:00 (33153 turns).

gyp21 the Thaumaturge (Mummy Fire Elementalist)    Turns: 33153, Time: 01:44:01

Health: 0/105      AC:  5    Str: 11    XL:     13   Next: 76%
Magic:  30/38      EV: 17    Int: 19    God:    Ashenzari [****..]
Gold:   586        SH:  0    Dex: 13    Spells: 24/37 levels left

rFire    . . .     SeeInvis +   p - +1 shortbow (freeze)
rCold    . . .     Gourm    .   (shield currently unavailable)
rNeg     + + +     Faith    .   F - +0 robe (curse)
rPois    ∞         Spirit   .   i - +0 helmet
rElec    .         Reflect  .   O - scarf {repulsion}
rCorr    .         Harm     .   d - +0 pair of gloves
MR       +....     Clarity  +   B - +0 pair of boots (curse)
Stlth    ++........             N - amulet of regeneration (curse)
HPRegen  0.67/turn              M - ring of magical power (curse)
MPRegen  0.26/turn              g - ring of fire

@: very slightly contaminated, repel missiles
A: no food or potions, fire vulnerability, cold resistance 1, negative energy
resistance 3, torment resistance, unbreathing, in touch with death 1
a: Curse Item, Scrying, Renounce Religion


You were on level 6 of the Lair of Beasts.
You worshipped Ashenzari.
Ashenzari was greatly pleased with you.
You were not hungry.

You visited 3 branches of the dungeon, and saw 19 of its levels.
You also visited: Sewer and Ossuary.

You collected 1156 gold pieces.
You spent 570 gold pieces at shops.

Inventory:

Hand Weapons
 p - a +1 shortbow of freezing (weapon)
 q - a +1 dire flail of protection
 u - the +2 mace "Beast's Nightmare" {crush, +Fly Str-2 Int+5 Stlth+}
   (You found it on level 7 of the Dungeon)

   It inflicts extra damage upon your enemies.
   It affects your strength (-2).
   It affects your intelligence (+5).
   It lets you fly.
   It makes you more stealthy.
Missiles
 r - 192 arrows (quivered)
Armour
 d - a +0 pair of gloves (worn)
 i - a +0 helmet (worn)
 z - a +0 cloak
 B - a cursed +0 pair of boots (worn)
 F - a cursed +0 robe (worn)
 O - a scarf of repulsion (worn)
Jewellery
 g - a ring of fire (right hand)
 h - an uncursed ring of protection from cold
 o - a +4 ring of strength
 v - an uncursed ring of resist corrosion
 I - a +5 ring of intelligence
 M - a cursed ring of magical power (left hand)
 N - a cursed amulet of regeneration (around neck)
Wands
 s - a wand of polymorph (20)
 w - a wand of random effects (27)
 x - a wand of enslavement (7)
 y - a wand of disintegration (26)
 A - a wand of iceblast (6)
 D - a wand of acid (7)
 G - a wand of scattershot (12)
 J - a wand of clouds (4)
 L - a wand of paralysis (11)
Scrolls
 a - a scroll of torment {unknown}
 e - 7 scrolls of teleportation
 f - 12 scrolls of identify
 j - a scroll of magic mapping
 k - 4 scrolls of fog
 l - 2 scrolls of amnesia
 m - a scroll of enchant armour
 n - 2 scrolls of remove curse
 E - 3 scrolls of enchant weapon
 H - a scroll of vulnerability {unknown}
Books
 b - a book of Flames

   Spells                             Type                      Level
   a - Flame Tongue                   Conjuration/Fire             1
   b - Throw Flame                    Conjuration/Fire             2
   c - Conjure Flame                  Conjuration/Fire             3
   d - Inner Flame                    Hexes/Fire                   3
   e - Sticky Flame                   Conjuration/Fire             4
   f - Fireball                       Conjuration/Fire             5
 c - a book of Death

   Spells                             Type                      Level
   a - Corpse Rot                     Necromancy                   2
   b - Sublimation of Blood           Necromancy                   2
   c - Agony                          Necromancy                   5
   d - Dispel Undead                  Necromancy                   5
   e - Excruciating Wounds            Charms/Necromancy            5
   f - Bolt of Draining               Conjuration/Necromancy       5
 C - a book of Changes

   Spells                             Type                      Level
   a - Beastly Appendage              Transmutation                1
   b - Sticks to Snakes               Transmutation                2
   c - Spider Form                    Transmutation/Poison         3
   d - Ice Form                       Ice/Transmutation            4
   e - Blade Hands                    Transmutation                5
 K - a book of Misfortune

   Spells                             Type                      Level
   a - Confusing Touch                Hexes                        1
   b - Confuse                        Hexes                        3
   c - Gell's Gravitas                Translocation                3
   d - Petrify                        Transmutation/Earth          4
   e - Metabolic Englaciation         Hexes/Ice                    5
   f - Yara's Violent Unravelling     Hexes/Transmutation          5


   Skills:
 + Level 10.8 Fighting
 + Level 9.4 Dodging
 - Level 1.5 Stealth
 + Level 12.9 Spellcasting
 + Level 9.2(11.4) Conjurations
 + Level 9.6(11.7) Fire Magic


You had 24 spell levels left.
You knew the following spells:

 Your Spells              Type           Power        Failure   Level  Hunger
a - Flame Tongue          Conj/Fire      #####        1%          1    N/A
b - Sticky Flame          Conj/Fire      ######..     1%          4    N/A
c - Conjure Flame         Conj/Fire      ######..     1%          3    N/A
d - Fireball              Conj/Fire      ######....   1%          5    N/A

Dungeon Overview and Level Annotations

Branches:
Dungeon (12/15)            Temple (1/1) D:7            Lair (6/6) D:11
  Swamp (0/4) Lair:4       Spider (0/4) Lair:2        Slime (0/5) Lair:6
    Orc: D:9-12

Altars:
Ashenzari
Cheibriados
Dithmenos
Elyvilon
Fedhas
Hepliaklqana
Kikubaaqudgha
Makhleb
Nemelex Xobeh
Okawaru
Qazlal
Ru
Sif Muna
Trog
Uskayaw
Vehumet
Wu Jian
Xom
Yredelemnul
Zin
The Shining One
Jiyva

Shops:
D:5 %(!*   D:9 %   D:12 *

Portals:
Trove: D:10 (give +2 gold dragon scales)

Annotations:
D:12 Nergalle


Innate Abilities, Weirdness & Mutations

You do not eat or drink.
Your flesh is vulnerable to fire.
You are immune to poison.
Your flesh is cold resistant. (rC+)
You are immune to negative energy. (rN+++)
You are immune to unholy pain and torment.
You can survive without breathing.
You are in touch with the powers of death.


Message History

* * * LOW HITPOINT WARNING * * *
The blink frog barely misses you. The spriggan hits you with a rapier!
* * * LOW HITPOINT WARNING * * *
Casting: Sticky Flame
Confirm with . or Enter, or press ? or * to list all spells.
Okay, then.
Blink to where?
Press: ? - help, Dir - move target cursor, p - boggart You are very lightly contaminated with residual magic.
As you read the scroll of blinking, it crumbles to dust.
The spriggan rider burns!
You kill the hornet!
The spriggan falls from its now dead mount.
The boggart burns!
You kill the boggart!
The blink frog dissolves into shadows!
The spriggan burns!
You feel a bit more experienced. The spriggan hits you with a rapier!
You die...

#P..# #P.....#..P##.#......(....
##.######...##.......ii†F(.(....
##...#.#..P..##..)#..P.i.F....##
#....##...P..##..####P..F.....#*
##.####......P#..# ##..F.....##
#.[# #..##..P#..# #P..P.#.#.#
##..###..#P..##.## ##P......#.
#..P##......###i.# #...P.....
#....#...#...P.@## #.#.P....P
#P...#..........# #####P....
#..###......##.## ### ##...#
##..###.##..#### ###.####....#
##.P# #####..# #####...##.......
#.†## #.## #.<..............
#.[## ##.# #......###....÷..
#...# #..## ##.....# ##.....÷
#..########..####...### ##.....


You could see a spriggan.

Vanquished Creatures
  Erolcha (D:11)
  7 hydras
  2 catoblepae
  3 two-headed ogres
  6 death yaks (Lair:4)
  An unseen horror (D:11)
  An orc knight (D:11)
  Pikel (D:9)
  A necromancer (Lair:5)
  A manticore (D:12)
  14 elephants
  Maurice (D:8)
  2 black mambas
  Psyche (D:12)
  2 spiny frogs
  6 komodo dragons
  2 trolls
  Prince Ribbit (D:5)
  5 hornets
  5 hippogriffs
  6 blink frogs
  11 yaks
  8 spriggans
  3 wyverns
  3 basilisks
  A vampire mosquito (D:11)
  Edmund (D:5)
  6 water moccasins
  6 porcupines
  2 orc warriors
  3 ice beasts
  3 phantoms
  4 sky beasts
  2 elephant zombies (Lair:5)
  4 centaurs
  6 ogres
  2 boggarts (Lair:6)
  3 black bears
  15 wolves
  21 crocodiles
  Blork the orc (D:5)
  A komodo dragon zombie (Lair:5)
  3 big kobolds
  11 bullfrogs
  A wyvern skeleton (D:12)
  2 scorpions
  19 killer bees
  4 wights
  11 electric eels
  5 crimson imps
  A quasit (D:8)
  5 centaur zombies
  3 centaur skeletons
  5 orc priests
  A bullfrog skeleton (D:11)
  5 hounds
  5 iguanas
  6 orc wizards
  7 worker ants
  3 mummies (Ossuary)
  A worker ant zombie (D:9)
  16 adders
  4 gnolls
  A river rat (D:6)
  3 shadow imps
  An ooze (D:5)
  An adder skeleton (D:4)
  5 worms
  2 dart slugs
  2 leopard geckos
  33 orcs
  5 giant cockroaches
  A gnoll zombie (Ossuary)
  6 goblins
  6 hobgoblins
  11 jackals
  16 quokkas
  3 ball pythons
  5 bats
  7 frilled lizards
  A goblin zombie (Ossuary)
  A hobgoblin zombie (Ossuary)
  33 kobolds
  2 kobold zombies (Ossuary)
  An orc zombie (Ossuary)
  A quokka skeleton (D:5)
  7 rats
  2 fungi
  3 plants
452 creatures vanquished.

Vanquished Creatures (others)
  9 fungi
  6 plants (Lair:6)
15 creatures vanquished.

Grand Total: 467 creatures vanquished

Notes
Turn   | Place    | Note
-------+----------+-------------------------------------------
     0 | D:1      | gyp21 the Mummy Fire Elementalist began the quest for the Orb.
     0 | D:1      | Reached XP level 1. HP: 13/13 MP: 4/4
   122 | D:1      | Reached skill level 1 in Conjurations
   324 | D:1      | You fall through a shaft!
   366 | D:2      | Reached skill level 3 in Spellcasting
   366 | D:2      | Reached XP level 2. HP: 20/20 MP: 3/6
  1125 | D:1      | Reached XP level 3. HP: 25/25 MP: 4/7
  1324 | D:1      | Reached skill level 1 in Fighting
  2175 | D:2      | Found a white marble altar of Elyvilon.
  2773 | D:2      | Reached XP level 4. HP: 32/32 MP: 5/9
  2779 | D:2      | Learned a level 4 spell: Sticky Flame
  4543 | D:4      | Learned a level 3 spell: Conjure Flame
  4769 | D:4      | Noticed an ogre
  4808 | D:4      | Killed an ogre
  4808 | D:4      | Reached skill level 4 in Spellcasting
  4808 | D:4      | Reached XP level 5. HP: 38/38 MP: 1/11
  5747 | D:4      | Reached XP level 6. HP: 45/45 MP: 3/12
  6091 | D:5      | Entered Level 5 of the Dungeon
  6091 | D:5      | Found a white marble altar of Elyvilon.
  6198 | D:5      | Found a blossoming altar of Fedhas.
  6200 | D:5      | Found a hide-covered altar of Uskayaw.
  6202 | D:5      | Found a glowing golden altar of the Shining One.
  6302 | D:5      | Noticed Blork the orc
  6422 | D:5      | Killed Blork the orc
  6535 | D:5      | Found Gujaik's Assorted Antiques.
  6916 | D:5      | Noticed Edmund
  7003 | D:5      | Killed Edmund
  7003 | D:5      | Reached XP level 7. HP: 40/52 MP: 2/14
  7189 | D:5      | Found Xaifaam's Distillery.
  7254 | D:5      | Found Gottyig's Antique Weapon Shoppe.
  7257 | D:5      | Bought a glowing shortbow for 150 gold pieces
  7647 | D:5      | Reached skill level 5 in Spellcasting
  7847 | D:5      | Found Qyogoen's Food Boutique.
  7920 | D:5      | Noticed Prince Ribbit
  8236 | D:5      | Found a deep blue altar of Sif Muna.
  8387 | D:5      | Killed Prince Ribbit
  8387 | D:5      | Reached XP level 8. HP: 60/60 MP: 6/16
  8948 | D:6      | Found a hazy altar of Hepliaklqana.
  9109 | D:6      | Found a glowing drain.
  9113 | Sewer    | Entered a sewer
  9341 | Sewer    | Reached skill level 6 in Spellcasting
 11132 | D:7      | Found a sand-covered staircase.
 11141 | Ossuary  | Entered an ossuary
 11877 | D:7      | Got an ichor-stained mace
 11897 | D:7      | Reached skill level 5 in Fighting
 12039 | D:7      | Reached skill level 5 in Fire Magic
 12039 | D:7      | Reached XP level 9. HP: 62/68 MP: 15/19
 12099 | D:7      | Found a shadowy altar of Dithmenos.
 12103 | D:7      | Found a stormy altar of Qazlal.
 12130 | D:7      | Found a staircase to the Ecumenical Temple.
 12140 | Temple   | Entered the Ecumenical Temple
 12226 | Temple   | Became a worshipper of Ashenzari the Shackled
 12532 | D:7      | Identified the +2 mace "Beast's Nightmare" {crush, +Fly Str-2 Int+5 Stlth+} (You found it on level 7 of the Dungeon)
 12871 | D:7      | Reached skill level 7 in Spellcasting
 13745 | D:7      | Reached skill level 5 in Dodging
 14071 | D:8      | Found a radiant altar of Vehumet.
 14406 | D:8      | Noticed Maurice
 14421 | D:8      | Reached skill level 5 in Conjurations
 14428 | D:8      | Killed Maurice
 14428 | D:8      | Reached skill level 8 in Spellcasting
 14942 | D:8      | Reached * piety under Ashenzari
 14960 | D:8      | Reached XP level 10. HP: 77/77 MP: 19/22
 15464 | D:8      | Noticed a two-headed ogre
 15472 | D:8      | Killed a two-headed ogre
 16371 | D:9      | Reached skill level 9 in Spellcasting
 16561 | D:9      | Found Niudisuc's Food Emporium.
 16588 | D:9      | Noticed a two-headed ogre
 16610 | D:9      | Killed a two-headed ogre
 17056 | D:9      | Noticed Pikel
 17074 | D:9      | Killed Pikel
 17171 | D:9      | Found a basalt altar of Yredelemnul.
 17528 | D:10     | Entered Level 10 of the Dungeon
 18422 | D:10     | Found a portal to a secret trove of treasure.
 19058 | D:10     | Reached XP level 11. HP: 82/84 MP: 19/24
 19986 | D:5      | Bought a hardcover book for 420 gold pieces
 20433 | D:11     | Noticed a four-headed hydra
 20435 | D:11     | Noticed an orc knight
 20445 | D:11     | Noticed a two-headed ogre
 20453 | D:11     | Noticed an unseen horror
 20456 | D:11     | Killed an unseen horror
 20554 | D:11     | Found a sacrificial altar of Ru.
 21065 | D:11     | Killed an orc knight
 21069 | D:11     | HP: 4/86 [centaur (2)]
 21070 | D:11     | Reached skill level 10 in Spellcasting
 21470 | D:11     | Noticed Erolcha
 21487 | D:11     | Killed Erolcha
 21833 | D:11     | Killed a four-headed hydra
 21951 | D:11     | Found a staircase to the Lair.
 22005 | D:12     | Found Hozusihe's General Store.
 22282 | D:12     | Noticed Psyche
 22291 | D:12     | Killed Psyche
 22564 | D:12     | Noticed a two-headed ogre
 22681 | D:12     | Killed a two-headed ogre
 22954 | D:12     | Noticed a brown ugly thing
 23034 | D:12     | Noticed Nergalle
 23289 | Lair:1   | Entered Level 1 of the Lair of Beasts
 23562 | Lair:1   | Noticed a four-headed hydra
 23569 | Lair:1   | Killed a four-headed hydra
 23616 | Lair:1   | Reached ** piety under Ashenzari
 23715 | Lair:1   | Noticed a four-headed hydra
 23723 | Lair:1   | Reached XP level 12. HP: 89/94 MP: 13/26
 23740 | Lair:1   | Killed a four-headed hydra
 24502 | Lair:2   | Reached skill level 11 in Spellcasting
 24765 | Lair:2   | Noticed a five-headed hydra
 24787 | Lair:2   | Killed a five-headed hydra
 24950 | Lair:2   | Found a hole to the Spider Nest.
 25611 | Lair:2   | Learned a level 5 spell: Fireball
 26307 | Lair:3   | Reached *** piety under Ashenzari
 26910 | Lair:3   | Noticed a four-headed hydra
 26924 | Lair:3   | Killed a four-headed hydra
 28281 | Lair:4   | Noticed a death yak
 28314 | Lair:4   | Killed a death yak
 28443 | Lair:4   | Found a staircase to the Swamp.
 28485 | Lair:4   | Noticed a death yak
 28501 | Lair:4   | Noticed a death yak
 28534 | Lair:4   | Killed a death yak
 28831 | Lair:4   | Reached skill level 10 in Fighting
 28831 | Lair:4   | Reached skill level 12 in Spellcasting
 28914 | Lair:4   | Noticed a death yak
 28939 | Lair:4   | Killed a death yak
 28939 | Lair:4   | Gained mutation: You are in touch with the powers of death. [Mummy growth]
 28939 | Lair:4   | Reached XP level 13. HP: 65/103 MP: 26/29
 29379 | Lair:4   | Reached **** piety under Ashenzari
 31123 | Lair:6   | Entered Level 6 of the Lair of Beasts
 32126 | Lair:6   | Found a viscous altar of Jiyva.
 32126 | Lair:6   | Found a staircase to the Slime Pits.
 33153 | Lair:6   | Slain by a spriggan

Skill      XL: |  1  2  3  4  5  6  7  8  9 10 11 12 13 |
---------------+----------------------------------------+-----
Conjurations   | 1 2 3 4 5 6 7 8 9 |  9.2
Spellcasting   | 3 4 5 6 8 9 10 12 | 12.9
Fighting       | 1 2 3 5 6 7 8 10 | 10.8
Dodging        | 2 3 4 5 6 7 8 9 |  9.4
Fire Magic     | 3 4 5 6 7 8 9 |  9.6
Stealth        | |  1.5

Action                   |  1- 3 |  4- 6 |  7- 9 | 10-12 | 13-15 || total
-------------------------+-------+-------+-------+-------+-------++-------
Melee: Short sword       |   185 |       |       |       |       ||   185
       Flail             |     1 |     5 |       |       |       ||     6
 Fire: Shortbow          |       |       |   187 |   483 |    88 ||   758
 Cast: Flame Tongue      |    72 |   116 |   153 |   223 |    78 ||   642
       Conjure Flame     |       |    10 |    16 |    42 |    19 ||    87
       Sticky Flame      |       |       |    28 |   130 |    89 ||   247
       Fireball          |       |       |       |     1 |       ||     1
Invok: Curse Item        |       |       |       |     2 |       ||     2
  Use: Scroll            |       |     6 |     7 |     3 |     2 ||    18
Armor: Robe              |     9 |     9 |    28 |    62 |    21 ||   129
Dodge: Dodged            |    42 |    30 |    97 |   335 |   162 ||   666
